 Dungeon Crawl Stone Soup version 0.29-a0-550-g81e455f4c2 (webtiles) character file.

Game seed: 5873807998971006002

74 Lekart the Skirmisher (level 4, 0/40 HPs)
             Began as a Draconian Abyssal Knight on June 5, 2022.
             Was a Priest of Lugonu.
             Succumbed to Ijyb's poison
             ... on level 3 of the Dungeon.
             The game lasted 00:01:40 (2326 turns).

Lekart the Skirmisher (Draconian Abyssal Knight)    Turns: 2326, Time: 00:01:40

Health: 0/40       AC:  5    Str: 15    XL:     4   Next: 10%
Magic:  5/5        EV: 12    Int: 10    God:    Lugonu [***...]
Gold:   73         SH:  0    Dex: 14    Spells: 3/3 levels left

rFire   . . .      SeeInvis .   a - +1 hand axe
rCold   . . .      Faith    .   (no shield)
rNeg    . . .      Spirit   .   (body armour unavailable)
rPois   .          Reflect  .   (helmet restricted)
rElec   .          Harm     .   (no cloak)
rCorr   .          Rampage  .   (no gloves)
Will    .....                   (no boots)
Stlth   +.........              (no amulet)
HPRegen 0.13/turn               (no ring)
MPRegen 0.09/turn               (no ring)

@: lethally poisoned (0 -> -18)
A: AC +5, unfitting armour, cold-blooded
a: Renounce Religion, Depart the Abyss, Bend Space, Banish


You were on level 3 of the Dungeon.
You worshipped Lugonu.
Lugonu was most pleased with you.
You visited 1 branch of the dungeon, and saw 3 of its levels.
You visited the Abyss 1 time.

You collected 73 gold pieces.

Inventory:

Hand Weapons
 a - a +1 hand axe (weapon)
Jewellery
 c - an amulet of magic regeneration
Scrolls
 b - a scroll of enchant weapon {unknown}
 d - 4 scrolls of identify {unknown}
 f - 2 scrolls of poison {unknown}
 g - a scroll of fear {unknown}
 i - a scroll of fog {unknown}
Potions
 e - 2 potions of flight {unknown}
 h - a potion of curing {unknown}


   Skills:
 + Level 4.1 Fighting
 + Level 3.0 Axes
 + Level 2.5 Dodging
 * Level 2.6 Invocations


You had 3 spell levels left.
You didn't know any spells.
Your spell library contained the following spells:

 Spells                   Type           Power      Damage    Failure   Level
 Call Canine Familiar     Summ           0%         N/A       75%         3
 Portal Projectile        Hex/Tloc       0%         N/A       75%         3
 Leda's Liquefaction      Hex/Erth       0%         N/A       98%         4


Dungeon Overview and Level Annotations

Branches:
Dungeon (3/15)

Altars:

Annotations:
D:3 Ijyb


Innate Abilities, Weirdness & Mutations

Your plain brown scales are hard. (AC +5)
You cannot fit into any form of body armour.
You are cold-blooded and may be slowed by cold attacks.


Message History

Lugonu accepts your kill.
You see here a hobgoblin corpse.
Ijyb the Twisted Goblin comes into view.
She is wielding a +4 dagger of venom and carrying a wand of digging (6).
Ijyb is nearby!
Ijyb shouts!
You hear a shout! x2
Ijyb is nearby!
A hobgoblin comes into view.
Ijyb zaps a wand.
Some rock shatters into small pieces.
There are monsters nearby!
Found 24 stones.
Ijyb barely misses you.
You barely miss Ijyb.
Your tail-slap misses Ijyb.
You closely miss the hobgoblin. The hobgoblin barely misses you.
Ijyb hits you with a +4 dagger of venom.
The hobgoblin hits you.
Ijyb hits you with a +4 dagger of venom!
You are poisoned.
You hit Ijyb but do no damage. You hit the hobgoblin.
You feel very sick. The hobgoblin hits you.
Ijyb hits you with a +4 dagger of venom.
An orc comes into view. It is wielding a +0 club.
You closely miss the hobgoblin.
The hobgoblin is heavily wounded.
You closely miss Ijyb.
You feel very sick. The hobgoblin misses you.
Ijyb hits you with a +4 dagger of venom.
You are more poisoned.
You are too injured to fight recklessly!
You feel very sick. The hobgoblin barely misses you.
The hobgoblin attacks as you move away! The hobgoblin hits you.
* * * LOW HITPOINT WARNING * * *
Ijyb attacks as you move away!
Ijyb hits you with a +4 dagger of venom.
* * * LOW HITPOINT WARNING * * *
You are more poisoned.
* * * LOW HITPOINT WARNING * * *
You feel very sick.
You die...

.### .....
...# ..o..
##.# ##.....
#)# .......
#.## ##.....#
#..####. ##..#
##..##.. #gg.#
##.##.# #.#.##
#..#.# #.##@#
##.#.# #.#...#
#.#.# #.##.###
#.#.##.†...#
#.......####
..........###
##...#........
#.####.##.###
... #.# .#


You could see Ijyb and a hobgoblin.

Vanquished Creatures
  An adder (D:2)
  A worm (D:2)
  A dart slug (D:1)
  An orc (D:3)
  7 bats
  4 endoplasms
  7 goblins
  7 hobgoblins
  2 quokkas (D:1)
  5 ball pythons (D:1)
  5 frilled lizards
  6 kobolds
  10 rats
57 creatures vanquished.

Notes
Turn   | Place    | Note
-------+----------+-------------------------------------------
     0 | Abyss:1  | Lekart the Draconian Abyssal Knight began the quest for the
                  | Orb.
     0 | Abyss:1  | Reached XP level 1. HP: 19/19 MP: 2/2
    18 | D:1      | Escaped the Abyss
   162 | D:1      | Reached XP level 2. HP: 26/26 MP: 3/3
   362 | D:1      | Found a faded altar of an unknown god.
   480 | D:1      | Reached *** piety under Lugonu
   650 | D:1      | Reached XP level 3. HP: 19/33 MP: 4/4
  1209 | D:2      | Reached skill level 4 in Fighting
  1992 | D:2      | Reached XP level 4. HP: 37/40 MP: 5/5
  2315 | D:3      | Noticed Ijyb
  2326 | D:3      | Succumbed to Ijyb's poison

Illustrated notes

Levels and vault maps discovered:
D:1:      heliophobic_arrival_henge, layout_basic,
          hellmonk_ecumenical_altar_crossroads, minmay_close_crescents
D:2:      layout_basic
D:3:      layout_rooms, minmay_between, uniq_ijyb

Skill      XL: |  1  2  3 |
---------------+----------+-----
Fighting       | 4 |  4.1
Axes           | 3 |  3.0
Dodging        | |  2.5
Invocations    | |  2.6

Action                   |  1- 3 |  4- 6 || total
-------------------------+-------+-------++-------
Melee: Hand axe          |   124 |    17 ||   141
       Tailslap          |    11 |     2 ||    13
Armor: Skin              |    34 |     5 ||    39
Dodge: Dodged            |    86 |    11 ||    97

Table legend: (Time is in decaauts)
 A = Elapsed time spent in this place.
 B = Non-inter-level travel time spent in this place.
 C = Inter-level travel time spent in this place.
 D = Time resting spent in this place.
 E = Time spent auto-exploring this place.
 F = Levels seen in this place.
 G = Mean time per level.
                   A        B        C        D        E       F      G
               +--------+--------+--------+--------+--------+-----+--------+
         Total |   2351 |   2285 |     66 |      0 |   1926 |   4 |  587.8 |
       Dungeon |   2333 |   2267 |     66 |      0 |   1918 |   3 |  777.7 |
         Abyss |     18 |     18 |      0 |      0 |      8 |   1 |   18.0 |
               +--------+--------+--------+--------+--------+-----+--------+

Top non-repeatable levels by time:
     D:1: 1141 daAuts
     D:2: 1069 daAuts
     D:3: 122 daAuts
 Abyss:1: 18 daAuts
